 Dungeon Crawl Stone Soup version 0.25-a0-479-g8579842fd4 (webtiles) character file.

Game seed: 18394159146308097863, levelgen mode: deterministic

25 Notrik the Chopper (level 3, -4/33 HPs)
             Began as a Hill Orc Berserker on Feb 9, 2020.
             Was a Follower of Trog.
             Slain by Sigmund
             ... wielding a +0 scythe
              (8 damage)
             ... on level 2 of the Dungeon.
             The game lasted 00:01:43 (804 turns).

Notrik the Chopper (Hill Orc Berserker)              Turns: 804, Time: 00:01:44

Health: -4/33      AC:  2    Str: 20    XL:     3   Next: 6%
Magic:  3/3        EV: 11    Int:  7    God:    Trog [*.....]
Gold:   70         SH:  3    Dex: 10    Spells: 2/2 levels left

rFire    . . .     SeeInvis .   a - +0 hand axe
rCold    . . .     Gourm    .   d - +0 buckler
rNeg     . . .     Faith    .   b - +0 animal skin
rPois    .         Spirit   .   (no helmet)
rElec    .         Reflect  .   (no cloak)
rCorr    .         Harm     .   (no gloves)
MR       .....                  (no boots)
Stlth    +.........             (no amulet)
HPRegen  0.11/turn              (no ring)
MPRegen  0.08/turn              (no ring)

@: no status effects
A: no striking features
a: Berserk, Renounce Religion


You were on level 2 of the Dungeon.
You worshipped Trog.
Trog was aware of your devotion.
You were not hungry.

You visited 1 branch of the dungeon, and saw 2 of its levels.

You collected 70 gold pieces.

Inventory:

Hand Weapons
 a - a +0 hand axe (weapon)
Armour
 b - a +0 animal skin (worn)
 d - a +0 buckler (worn)
   (You found it on level 1 of the Dungeon)
Scrolls
 i - a scroll of remove curse {unknown}
Potions
 c - 2 potions of degeneration {unknown}
 f - a potion of might {unknown}
 g - a potion of haste {@q3}
 h - a potion of lignification {unknown}
 j - a potion of mutation {unknown}
Comestibles
 e - 3 rations {!d}


   Skills:
 * Level 4.2 Fighting
 + Level 4.3 Axes
 + Level 2.6 Armour
 - Level 1.5 Dodging
 + Level 0.8 Shields


You had 2 spell levels left.
You didn't know any spells.
Your spell library was empty.

Dungeon Overview and Level Annotations

Branches:
Dungeon (2/15)

Altars:

Annotations:
D:2 Sigmund


Message History

No target in view!
No target in view!
No target in view!
No target in view!
The dart slug launches a dart at you. The slug dart hits you.
Found a hand axe.
A dart slug is nearby!
A dart slug is nearby!
The dart slug barely misses you.
You hit the dart slug. You hit the dart slug. The dart slug bites you.
You hit the dart slug.
You kill the dart slug!
Trog accepts your kill.
You have reached level 3!
Your experience leads to an increase in your attributes!
Increase (S)trength, (I)ntelligence, or (D)exterity?
You feel stronger.
Found a brown potion.
Found a dagger.
h - a brown potion Sigmund the Dreaded comes into view.
He is wielding a +0 scythe.
Sigmund shouts!
You hear a bark!
Sigmund points at you and mumbles some strange words.
The puff of flame hits you!
Sigmund drinks a potion.
Sigmund seems to speed up.
A hound comes into view.
A hobgoblin comes into view. It is wielding a -1 club.
The hobgoblin shouts!
Sigmund closely misses you.
Sigmund casts a spell.
Sigmund flickers and vanishes!
Deactivating autopickup; reactivate with Ctrl-A.
You hear some strange, mumbled words.
You are confused.
The hound barely misses you.
You hear some strange, mumbled words.
A magic dart appears from out of thin air!
The magic dart hits you.
* * * LOW HITPOINT WARNING * * *
The hound bites you.
* * * LOW HITPOINT WARNING * * *
Something barely misses you.
Okay, then.
You feel less confused. The hound bites you.
* * * LOW HITPOINT WARNING * * *
Something hits you!
You die...

#..........### #.##
######.####### #.#
######.........# #.#
#........#####.# .#
#..............#
#).......#######
.#####.....{.......).
...........h..#######
..........g@..#
..............#
..............#
..............#
........#######
........# ........#
........# #########


You could see a hound and a hobgoblin.

Vanquished Creatures
  An adder (D:2)
  A dart slug (D:2)
  A leopard gecko (D:1)
  A ball python (D:1)
  2 bats
  2 hobgoblins
  A jackal (D:1)
  A quokka (D:2)
  2 kobolds
  A rat (D:1)
13 creatures vanquished.

Notes
Turn   | Place    | Note
-------+----------+-------------------------------------------
     0 | D:1      | Notrik the Hill Orc Berserker began the quest for the Orb.
     0 | D:1      | Reached XP level 1. HP: 19/19 MP: 1/1
   308 | D:1      | Reached XP level 2. HP: 26/27 MP: 2/2
   778 | D:2      | Reached XP level 3. HP: 24/33 MP: 3/3
   791 | D:2      | Noticed Sigmund
   804 | D:2      | Slain by Sigmund

Levels and vault maps discovered:
D:1:      shiori_shiawase, layout_rooms, minmay_hedge_maze, minmay_tromino_i2
D:2:      layout_basic, uniq_sigmund, uniq_terence

Skill      XL: |  1  2 |
---------------+-------+-----
Fighting       | 4 |  4.2
Axes           | |  4.3
Armour         | |  2.6
Dodging        | |  1.5
Shields        | |  0.8

Action                   || total
-------------------------++-------
Melee: Hand axe          ||    43
Armor: Animal skin       ||     8
Dodge: Dodged            ||    33
Block: Buckler           ||     4

Table legend:
 A = Non-vault XP
 B = Vault XP
 C = Vault XP percentage of total XP
 D = Non-vault monster count
 E = Vault monster count
 F = Vault count percentage of total count
                 A         B        C        D         E       F
            +---------+---------+-------+---------+---------+-------
      Total |      33 |       4 |  10.8 |      11 |       2 |  15.4
            +---------+---------+-------+---------+---------+-------
        D:1 |       9 |       4 |  30.8 |       5 |       2 |  28.6
        D:2 |      24 |       0 |   0.0 |       6 |       0 |   0.0
            +---------+---------+-------+---------+---------+-------
